 Dungeon Crawl Stone Soup version 0.24.0-123-gd5b16e6ec5 (webtiles) character file.

Game seed: 10036603513915399581, levelgen mode: deterministic

33406 Curus the Spry (level 13, -3/131 HPs)
             Began as a Merfolk Gladiator on Dec 26, 2019.
             Was a High Priest of Trog.
             Slain by a catoblepas (22 damage)
             ... on level 6 of the Lair of Beasts.
             The game lasted 01:09:46 (13036 turns).

Curus the Spry (Merfolk Gladiator)                 Turns: 13036, Time: 01:09:46

Health: -3/131     AC: 11    Str: 14    XL:     13   Next: 70%
Magic:  6/6        EV: 27    Int:  8    God:    Trog [*****.]
Gold:   436        SH:  0    Dex: 20    Spells: 12/12 levels left

rFire    + . .     SeeInvis .   F - +3 trident (antimagic)
rCold    + . .     Gourm    .   (no shield)
rNeg     . . .     Faith    .   I - +2 leather armour {rPois}
rPois    +         Spirit   .   c - +2 helmet
rElec    .         Reflect  .   C - scarf {rC+ rF+}
rCorr    .         Harm     .   (no gloves)
MR       .....     Clarity  +   D - +1 pair of boots
Stlth    ++........             (no amulet)
HPRegen  0.31/turn              g - +2 ring of slaying
MPRegen  0.10/turn              L - +2 ring of slaying

@: no status effects
A: change form in water, swift swim, stealthy swim, rugged brown scales 1,
clarity, robust 1
a: Berserk, Trog's Hand, Brothers in Arms, Renounce Religion


You were on level 6 of the Lair of Beasts.
You worshipped Trog.
Trog was extremely pleased with you.
You were near starving.

You visited 2 branches of the dungeon, and saw 16 of its levels.
You also visited: Ossuary.

You collected 699 gold pieces.
You spent 263 gold pieces at shops.

Inventory:

Hand Weapons
 a - a +1 trident
 h - a +4 vampiric spear
 E - a +0 glaive
 F - a +3 antimagic trident (weapon)
 J - a cursed -1 halberd
 N - a +0 glaive of venom
 P - a +4 antimagic glaive
Missiles
 d - 3 throwing nets (quivered)
Armour
 b - a +0 leather armour
 c - a +2 helmet (worn)
 n - the +4 ring mail of the Buccaneer {Int+4}
   (You found it on level 6 of the Dungeon)

   It affects your intelligence (+4).
 B - a +1 troll leather armour
 C - a scarf of resistance (worn)
 D - a +1 pair of boots (worn)
 I - a +2 leather armour of poison resistance (worn)
Jewellery
 g - a +2 ring of slaying (left hand)
 u - a +2 ring of evasion
 v - an uncursed ring of attention
 y - an uncursed ring of protection from fire
 z - an uncursed ring of wizardry
 G - an uncursed ring of magical power
 L - a +2 ring of slaying (right hand)
Wands
 m - a wand of digging (6)
 r - a wand of disintegration (25)
 w - a wand of flame (63)
 x - a wand of polymorph (20)
 K - a wand of random effects (34)
Scrolls
 i - 13 scrolls of remove curse
 j - 2 scrolls of fear
 k - 10 scrolls of identify
 s - 2 scrolls of enchant weapon
 A - 2 scrolls of teleportation
 H - a scroll of blinking
 M - 2 scrolls of enchant armour
Potions
 e - 4 potions of brilliance
 l - 14 potions of curing
 o - a potion of agility
 p - 5 potions of haste
 q - 8 potions of heal wounds
 t - 5 potions of might
Comestibles
 f - 26 rations
 O - 3 chunks of flesh


   Skills:
 + Level 15.3 Fighting
 - Level 12.0 Polearms
 - Level 2.0 Throwing
 + Level 17.9 Dodging
 - Level 6.9 Evocations


You had 12 spell levels left.
You didn't know any spells.
Your spell library was empty.

Dungeon Overview and Level Annotations

Branches:
Dungeon (10/15)            Temple (0/1) D:5            Lair (6/6) D:10
  Swamp (0/4) Lair:4        Snake (0/4) Lair:3          Orc (0/2) D:9
Ossuary (visited)
  Slime: Lair:5-6

Altars:
Ashenzari
Fedhas
Hepliaklqana
Makhleb
Nemelex Xobeh
Qazlal
Ru
Trog
Uskayaw
Vehumet
Wu Jian
Beogh

Shops:
D:6 *   D:8 :::*


Innate Abilities, Weirdness & Mutations

You revert to your normal form in water.
You are very nimble and swift while swimming.
You are very stealthy in the water. (Stealth+)
You are partially covered in rugged brown scales. (AC +1, +3% HP)
You possess an exceptional clarity of mind.
You are robust. (+10% HP)


Message History

Found a radiant altar of Vehumet.
Your ogre is engulfed in calcifying dust.
Your ogre stops moving altogether!
The catoblepas breathes a plume of calcifying dust at you.
The blast of calcifying dust hits you but does no damage.
The dire elephant is engulfed in calcifying dust.
Your +1 pair of boots unmelds from your body.
The blink frog misses you. The blink frog completely misses you.
You hit the blink frog.
The blink frog's magic leaks into the air.
The blink frog is lightly wounded.
The blink frog closely misses you. The blink frog barely misses you.
You closely miss the blink frog.
The blink frog is lightly wounded.
The blink frog completely misses you. x2
You barely miss the blink frog.
The blink frog is lightly wounded.
The blink frog completely misses you. The blink frog barely misses you.
The catoblepas gores you!!
You die...

≈≈≈ ≈≈ ..PY
≈##≈...
###########≈#.≈...
≈≈P≈≈≈§OY††≈≈≈....
P≈≈≈≈≈≈≈≈§†≈≈≈≈...
.#P≈##≈§##≈≈#.....
#≈≈##≈Y#F≈≈##≈...
.≈≈≈≈.§≈@F≈≈.≈....
≈.....§#≈...≈≈≈##.
.....#.....#####
#.......#..#
#....... .##
##..._.. .P
#...... ... ......
.#.


You could see a catoblepas and 2 blink frogs.

Vanquished Creatures
  2 hydras
  3 death yaks
  Urug (Lair:4)
  Nergalle (D:10)
  Pikel (D:9)
  A cyclops (D:8)
  3 black mambas
  6 elephants
  6 spiny frogs
  Psyche (D:10)
  4 rime drakes
  A komodo dragon (Lair:3)
  2 trolls
  2 hornets (Lair:6)
  A polar bear (Lair:2)
  5 hippogriffs
  14 blink frogs
  Sigmund (D:6)
  A spriggan (Lair:2)
  2 wyverns
  4 hogs (D:7)
  24 yaks
  A human (D:7)
  2 hungry ghosts
  2 basilisks
  Menkaure (D:5)
  A steam dragon (D:7)
  6 nagas (Lair:3)
  12 water moccasins
  2 black bears
  8 orc warriors
  9 porcupines
  An ice beast (D:5)
  3 slaves (D:9)
  3 sky beasts
  A phantom (D:5)
  A necrophage (D:9)
  3 ogres
  2 centaurs
  10 wolves
  15 crocodiles
  3 big kobolds
  12 bullfrogs
  A wyvern zombie (Ossuary)
  A water moccasin zombie (Ossuary)
  2 scorpions
  A wight (D:9)
  4 killer bees (D:7)
  4 electric eels (Lair:4)
  2 howler monkeys
  5 crimson imps
  5 centaur zombies
  3 bullfrog zombies
  A bullfrog skeleton (D:9)
  3 orc priests
  A hound (D:9)
  11 orc wizards
  A gnoll shaman (D:7)
  3 centaur skeletons
  3 iguanas
  3 worker ants
  2 hound zombies (Ossuary)
  A hound skeleton (D:8)
  14 mummies (Ossuary)
  4 worker ant zombies
  A howler monkey zombie (Ossuary)
  8 adders
  8 gnolls
  4 shadow imps
  An ooze (D:3)
  4 adder zombies
  3 dart slugs
  3 leopard geckos
  37 orcs
  7 giant cockroaches
  5 hobgoblins
  9 jackals
  12 kobolds
  A ball python (D:1)
  6 bats
  4 frilled lizards
  6 goblins
  A goblin zombie (D:8)
  2 leopard gecko zombies (Ossuary)
  A quokka skeleton (D:4)
  2 quokka zombies
  8 rats
392 creatures vanquished.

Vanquished Creatures (collateral kills)
  A hydra (Lair:6)
  An elephant (Lair:6)
  A blink frog (Lair:6)
  A hippogriff (Lair:6)
  6 yaks
  A basilisk (D:10)
  A water moccasin (Lair:6)
  A crocodile (Lair:6)
13 creatures vanquished.

Vanquished Creatures (others)
  A kobold (D:10)
  10 fungi
  4 plants (Lair:6)
  A withered plant (Ossuary)
16 creatures vanquished.

Grand Total: 421 creatures vanquished

Notes
Turn   | Place    | Note
-------+----------+-------------------------------------------
     0 | D:1      | Curus the Merfolk Gladiator began the quest for the Orb.
     0 | D:1      | Reached XP level 1. HP: 16/16 MP: 1/1
   165 | D:1      | Reached skill level 5 in Polearms
   188 | D:1      | Reached XP level 2. HP: 14/22 MP: 2/2
   868 | D:2      | Reached XP level 3. HP: 25/27 MP: 3/3
  1035 | D:2      | Reached XP level 4. HP: 33/33 MP: 4/4
  1431 | D:2      | Found a stormy altar of Qazlal.
  1479 | D:3      | Found a bloodstained altar of Trog.
  1496 | D:3      | Became a worshipper of Trog the Wrathful
  1580 | D:3      | Reached XP level 5. HP: 38/38 MP: 5/5
  2066 | D:3      | Found an ornate altar of the Wu Jian Council.
  2138 | D:3      | Found a shattered altar of Ashenzari.
  2139 | D:3      | Found a hide-covered altar of Uskayaw.
  2139 | D:3      | Found a sparkling altar of Nemelex Xobeh.
  2142 | D:3      | Found a hazy altar of Hepliaklqana.
  2235 | D:4      | Found a bloodstained altar of Trog.
  2242 | D:4      | Reached * piety under Trog
  2276 | D:4      | Noticed a centaur
  2287 | D:4      | Killed a centaur
  2287 | D:4      | Reached XP level 6. HP: 44/44 MP: 6/6
  2400 | D:4      | Reached skill level 10 in Polearms
  2784 | D:5      | Entered Level 5 of the Dungeon
  2793 | D:5      | Noticed an ice beast
  2809 | D:5      | Killed an ice beast
  2824 | D:5      | Found a staircase to the Ecumenical Temple.
  2844 | D:5      | Reached XP level 7. HP: 40/50 MP: 7/7
  2936 | D:4      | Found a radiant altar of Vehumet.
  3195 | D:5      | Found a burning altar of Makhleb.
  3213 | D:5      | Reached ** piety under Trog
  3299 | D:5      | Noticed Menkaure
  3309 | D:5      | Killed Menkaure
  3567 | D:6      | Reached skill level 5 in Dodging
  3567 | D:6      | Reached XP level 8. HP: 58/58 MP: 8/8
  3679 | D:6      | Reached skill level 6 in Dodging
  3703 | D:6      | Got a jet-encrusted ring mail
  3740 | D:6      | Noticed Sigmund
  3756 | D:6      | Killed Sigmund
  3820 | D:6      | Found Cogutz's General Store.
  3832 | D:6      | Bought a scroll of enchant armour for 105 gold pieces
  3832 | D:6      | Bought a potion of curing for 42 gold pieces
  3832 | D:6      | Bought a potion of might for 56 gold pieces
  3872 | D:6      | Reached skill level 5 in Fighting
  4031 | D:6      | Found a sacrificial altar of Ru.
  4039 | D:6      | Reached skill level 7 in Dodging
  4174 | D:6      | Found a blossoming altar of Fedhas.
  4193 | D:6      | Identified the +4 ring mail of the Buccaneer {Int+4} (You
                  | found it on level 6 of the Dungeon)
  4380 | D:7      | Reached skill level 8 in Dodging
  4401 | D:7      | Reached XP level 9. HP: 69/69 MP: 9/9
  4435 | D:7      | Reached *** piety under Trog
  4474 | D:7      | Reached skill level 9 in Dodging
  4578 | D:7      | Reached skill level 10 in Dodging
  5108 | D:8      | Found Senkuaz's General Store.
  5116 | D:8      | Bought 2 potions of curing for 60 gold pieces
  5199 | D:8      | Reached skill level 11 in Dodging
  5199 | D:8      | Reached XP level 10. HP: 83/83 MP: 10/10
  5205 | D:8      | Noticed a cyclops
  5233 | D:8      | Killed a cyclops
  5267 | D:8      | Found Quteh Lon's Book Boutique.
  5325 | D:8      | Reached **** piety under Trog
  5493 | D:8      | Found a sand-covered staircase.
  5504 | Ossuary  | Entered an ossuary
  5599 | Ossuary  | Reached skill level 12 in Dodging
  5651 | Ossuary  | Reached skill level 10 in Fighting
  5664 | Ossuary  | Reached ***** piety under Trog
  5785 | Ossuary  | Gained mutation: You possess an exceptional clarity of
                  | mind. [potion of mutation]
  5785 | Ossuary  | Gained mutation: You are partially covered in rugged brown
                  | scales. (AC +1, +3% HP) [potion of mutation]
  5785 | Ossuary  | Gained mutation: You are robust. (+10% HP) [potion of
                  | mutation]
  5996 | D:8      | Found Keloekk's Book Boutique.
  6216 | D:8      | Found Pazea's Book Shop.
  6428 | D:9      | Noticed Pikel
  6453 | D:9      | Killed Pikel
  6728 | D:9      | Found a staircase to the Orcish Mines.
  6736 | D:9      | Reached skill level 13 in Dodging
  6739 | D:9      | Found a roughly hewn altar of Beogh.
  6754 | D:9      | Received a gift from Trog
  6876 | D:9      | Reached XP level 11. HP: 92/105 MP: 11/11
  7189 | D:10     | Entered Level 10 of the Dungeon
  7251 | D:10     | Noticed Psyche
  7258 | D:10     | Killed Psyche
  7333 | D:10     | Noticed Nergalle
  7345 | D:10     | Noticed a spectral orc warlord
  7363 | D:10     | Noticed a spectral orc warlord
  7373 | D:10     | Killed Nergalle
  7373 | D:10     | Reached skill level 14 in Dodging
  7427 | D:10     | Identified a scroll of acquirement
  7453 | D:10     | Found a staircase to the Lair.
  7503 | Lair:1   | Entered Level 1 of the Lair of Beasts
  7522 | Lair:1   | Reached skill level 1 in Evocations
  7744 | Lair:1   | Noticed a seven-headed hydra
  7753 | Lair:1   | Killed a seven-headed hydra
  7827 | Lair:1   | Reached skill level 5 in Evocations
  8159 | Lair:1   | Reached XP level 12. HP: 115/115 MP: 17/17
  9679 | Lair:3   | Reached skill level 15 in Dodging
  9680 | Lair:3   | Found a staircase to the Snake Pit.
  9829 | Lair:3   | Received a gift from Trog
  9949 | Lair:3   | Noticed a five-headed hydra
  9964 | Lair:3   | Killed a five-headed hydra
 10157 | Lair:3   | Reached skill level 16 in Dodging
 10706 | Lair:4   | Noticed a death yak
 10707 | Lair:4   | Noticed a death yak
 10707 | Lair:4   | Noticed a death yak
 10748 | Lair:3   | Killed a death yak
 10820 | Lair:4   | Reached XP level 13. HP: 79/127 MP: 6/18
 10837 | Lair:4   | Noticed Urug
 10858 | Lair:4   | Killed Urug
 10966 | Lair:4   | Found a staircase to the Swamp.
 11504 | Lair:4   | Found a sparkling altar of Nemelex Xobeh.
 11701 | Lair:5   | Reached skill level 17 in Dodging
 12219 | Lair:5   | Noticed Sonja
 12222 | Lair:5   | Noticed Sonja
 12222 | Lair:5   | Sonja changed into Sonja the rime drake
 12226 | Lair:5   | Killed Sonja the rime drake
 12766 | Lair:6   | Entered Level 6 of the Lair of Beasts
 12795 | Lair:6   | Received a gift from Trog
 12928 | Lair:6   | Reached skill level 15 in Fighting
 12939 | Lair:6   | Noticed a dire elephant
 12970 | Lair:6   | HP: 4/129 [water moccasin (8)]
 13031 | Lair:6   | Found a radiant altar of Vehumet.
 13036 | Lair:6   | Slain by a catoblepas

Levels and vault maps discovered:
D:1:      kilobyte_arrival_exit_the_forest, layout_loops_corners
D:2:      layout_basic, marbit_many_paths
D:3:      layout_loops_cross, lemuel_coloured_pillars_altar, minitemple,
          overflow_temple_1_default, first_ration, portal_sewer_entry_e,
          minmay_splitting_lines
D:4:      lemuel_upstairs_altar, layout_basic, hangedman_decor_lopped,
          bloody_trog
D:5:      layout_rooms, kennysheep_little_box, minmay_temple_entry_hall,
          uniq_menkaure
D:6:      layout_loops_cross, kennysheep_mini, serial_shops,
          nicolae_shop_crystal, nicolae_ru_awakened_eye, uniq_sigmund
D:7:      layout_basic, grunt_livestock
D:8:      layout_basic, serial_shops, shop, shop, shop, shop_statue,
          enter_ossuary_4
D:9:      layout_loops_cross, minmay_orc_entry_temple_small, sword_in_stone,
          uniq_pikel
D:10:     layout_cross, david_lair_generic, hangedman_glass_teeth,
          corexii_leaking_fountain, uniq_josephine, uniq_psyche, uniq_nergalle
Lair:1:   layout_loops_ring, infiniplex_staircase_pool_2
Lair:2:   layout_layer_cave, grunt_forest_stairs_clearing
Lair:3:   layout_hall_layers, minmay_snake_entry_guardpost_large
Lair:4:   layout_misc_corridors, minmay_swamp_entry_eels, basic_altar,
          grunt_megastairs_2, uniq_urug
Lair:5:   layout_cave_pods, chequers_serial_rivers_micro_e, uniq_sonja
Lair:6:   gammafunk_lair_ancient_temple, layout_loops_ring,
          minmay_slime_entry_oklob_open, basic_altar

Skill      XL: |  1  2  3  4  5  6  7  8  9 10 11 12 13 |
---------------+----------------------------------------+-----
Polearms       | 5 6 7 8 9 11 12 | 12.0
Fighting       | 3 6 9 11 12 14 15 | 15.3
Dodging        | 5 8 11 13 14 16 17 | 17.9
Evocations     | 6 |  6.9
Throwing       | |  2.0

Action                   |  1- 3 |  4- 6 |  7- 9 | 10-12 | 13-15 || total
-------------------------+-------+-------+-------+-------+-------++-------
Melee: Trident           |    51 |       |       |   190 |   363 ||   604
       Spear             |    15 |   133 |   452 |  1176 |       ||  1776
       Tailslap          |       |       |       |       |    17 ||    17
Invok: Berserk           |       |       |     1 |     7 |     2 ||    10
       Brothers in Arms  |       |       |       |     1 |     2 ||     3
       Trog's Hand       |       |       |       |       |     1 ||     1
Evoke: Wand              |       |       |       |     3 |     1 ||     4
  Use: Potion            |     2 |     3 |     2 |     4 |     2 ||    13
       Scroll            |     4 |     1 |     6 |    10 |     5 ||    26
 Stab: Sleeping          |     4 |     2 |     1 |     3 |       ||    10
       Distracted        |       |       |       |     2 |     1 ||     3
       Petrified         |       |       |       |       |    11 ||    11
       Petrifying        |       |       |       |       |     2 ||     2
  Eat: Chunk             |       |     5 |    10 |    17 |     9 ||    41
       Ration            |       |       |       |     3 |       ||     3
Armor: Leather armour    |     6 |     6 |    10 |       |    34 ||    56
       Ring mail         |       |       |    40 |   103 |       ||   143
       Troll leather arm |       |       |       |    95 |     1 ||    96
Dodge: Dodged            |    24 |    43 |   188 |   971 |   317 ||  1543
